 Dungeon Crawl Stone Soup version 0.29.0-13-gc9e81de378 (webtiles) character file.

Game seed: 15560996606083617385

28 Descartes the Grasshopper (level 3, 32/32 HPs)
             Began as a Naga Warper on Sept 9, 2022.
             Was a Follower of Trog.
             Got out of the dungeon alive.
             The game lasted 00:02:33 (1478 turns).

Descartes the Grasshopper (Naga Warper)             Turns: 1478, Time: 00:02:33

Health: 32/32      AC:  4    Str: 15    XL:     3   Next: 14%
Magic:  6/6        EV:  7    Int: 13    God:    Trog [*.....]
Gold:   94         SH:  0    Dex: 10    Spells: 4/6 levels left

rFire   . . .      SeeInvis +   a - +0 spear
rCold   . . .      Faith    .   (no shield)
rNeg    . . .      Spirit   .   g - +0 scale mail
rPois   +          Reflect  .   (no helmet)
rElec   .          Harm     .   (no cloak)
rCorr   .          Rampage  .   (no gloves)
Will    .....                   (no barding)
Stlth   ..........              (no amulet)
HPRegen 0.10/turn               (no ring)
MPRegen 0.10/turn               (no ring)

@: very slow
A: AC +1, large, see invisible, deformed body, poison resistance, slowness 2,
spit poison 1, naga tail 1
a: Spit Poison, Renounce Religion, Berserk


You escaped.
You worshipped Trog.
Trog was aware of your devotion.
You visited 1 branch of the dungeon, and saw 1 of its levels.

You collected 94 gold pieces.

Inventory:

Hand Weapons
 a - a +0 spear (weapon)
Missiles
 d - 7 boomerangs of dispersal (quivered)
Armour
 b - a +0 leather armour
 g - a +0 scale mail (worn)
Scrolls
 c - a scroll of blinking
 e - a scroll of magic mapping {unknown}
 h - a scroll of amnesia {unknown}
 i - 3 scrolls of noise {unknown}
 j - a scroll of fear {unknown}
 l - a scroll of enchant weapon {unknown}
Potions
 f - 2 potions of resistance {unknown}
 k - a potion of curing {unknown}
 m - a potion of cancellation {unknown}


   Skills:
 - Level 2.0 Fighting
 - Level 2.0 Polearms
 - Level 0.8 Throwing
 - Level 0.7 Armour
 - Level 1.5 Dodging
 - Level 2.2 Spellcasting
 - Level 3.2 Translocations
 - Level 1.0 Transmutations
 - Level 1.0 Fire Magic
 - Level 1.4 Poison Magic


You had 4 spell levels left.
You knew the following spells:

 Your Spells              Type           Power      Damage    Failure   Level
a - Blink                 Tloc           18%        N/A       36%         2

Your spell library contained the following spells:

 Spells                   Type           Power      Damage    Failure   Level
 Gell's Gravitas          Tloc           9%         N/A       61%         3
 Lesser Beckoning         Tloc           9%         N/A       61%         3
 Teleport Other           Tloc           9%         N/A       61%         3
 Manifold Assault         Tloc           9%         N/A       100%        5


Dungeon Overview and Level Annotations

Branches:
Dungeon (1/15)

Altars:
Trog


Innate Abilities, Weirdness & Mutations

Your serpentine skin is tough. (AC +1)
You have supernaturally acute eyesight. (SInv)
Armour fits poorly on your strangely shaped body.
Your system is resistant to poisons. (rPois)
You cover ground very slowly.
You can spit poison.
You have a snake-like lower body.


Message History

Found a faded altar of an unknown god.
You enter the shallow water.
Moving in this stuff is going to be slow.
You enter the shallow water.
Moving in this stuff is going to be slow.
You enter the shallow water.
Moving in this stuff is going to be slow.
You enter the shallow water.
Moving in this stuff is going to be slow.
You enter the shallow water.
Moving in this stuff is going to be slow.
Done exploring.
Done exploring.
You enter the shallow water.
Moving in this stuff is going to be slow.
You enter the shallow water.
Moving in this stuff is going to be slow.
You enter the shallow water.
Moving in this stuff is going to be slow.
You enter the shallow water.
Moving in this stuff is going to be slow.
There is a faded altar of an unknown god here.
You cannot tell which god this altar belongs to.
Convert to them anyway?
Trog accepts your prayer! Trog welcomes you!
You can now go berserk at will.
You enter the shallow water.
Moving in this stuff is going to be slow.
You enter the shallow water.
Moving in this stuff is going to be slow.
You enter the shallow water.
Moving in this stuff is going to be slow.
You enter the shallow water.
Moving in this stuff is going to be slow.
There is an escape hatch in the floor here.
There is a staircase leading out of the dungeon here.
Are you sure you want to leave the Dungeon?
This will make you lose the game! [Y]es or [N]o only, please.
Are you sure you want to leave the Dungeon?
This will make you lose the game!
You have escaped!

...........................#####.
....#..####..###.#...##.#.######.
.......###>......................
..#.#............#...............
........................#...####.
.................................
..##..........#####.#.#####~####.
..##..........#####.#.##P.P~...#.
................@>..#..#.P~P.P##.
...#....#.....#####...###.~.P##..
..............# ###.#.#P~P##...
..............# #.#.#P~.#....
..............#######.#.##~P##...
...#.....................#.~P#...
...............####.#.#.###.~##.#
........>.................#P.~###
#†#÷#...................#.#PP~###


There were no monsters in sight!

Vanquished Creatures
  3 ball pythons (D:1)
  2 bats (D:1)
  2 endoplasms (D:1)
  A goblin (D:1)
  3 hobgoblins (D:1)
  2 jackals (D:1)
  A quokka (D:1)
  A frilled lizard (D:1)
  2 kobolds (D:1)
  10 rats (D:1)
27 creatures vanquished.

Notes
Turn   | Place    | Note
-------+----------+-------------------------------------------
     0 | D:1      | Descartes the Naga Warper began the quest for the Orb.
     0 | D:1      | Reached XP level 1. HP: 19/19 MP: 3/3
   225 | D:1      | Reached XP level 2. HP: 25/26 MP: 5/5
   387 | D:1      | Reached skill level 1 in Poison Magic
   554 | D:1      | Learned a level 2 spell: Blink
   865 | D:1      | Reached XP level 3. HP: 32/32 MP: 6/6
   932 | D:1      | Reached skill level 1 in Transmutations
  1112 | D:1      | Reached skill level 1 in Fire Magic
  1322 | D:1      | Found a faded altar of an unknown god.
  1452 | D:1      | Prayed at the altar of an unknown god.
  1452 | D:1      | Became a worshipper of Trog the Wrathful
  1452 | D:1      | Reached * piety under Trog
  1478 | D:$      | Got out of the dungeon alive.

Illustrated notes

Levels and vault maps discovered:
D:1:      dpeg_arrival_tiny_j, layout_basic,
          shapermc_ecumenical_altar_hornbeckon, minmay_rat_gold_closets

Skill      XL: |  1  2  3 |
---------------+----------+-----
Poison Magic   | 1 |  1.4
Transmutations | 1 |  1.0
Fire Magic     | 1 |  1.0
Fighting       | |  2.0
Polearms       | |  2.0
Throwing       | |  0.8
Armour         | |  0.7
Dodging        | |  1.5
Spellcasting   | |  2.2
Translocations | |  3.2

Action                   || total
-------------------------++-------
Melee: Spear             ||    94
       Punch             ||     1
 Abil: Spit Poison       ||     6
Armor: Scale mail        ||    42
       Leather armour    ||     1
Dodge: Dodged            ||    21
